 Dungeon Crawl Stone Soup version 0.20.1-1-g8b1a95d (webtiles) character file.

121 vatarom the Gusty (level 4, 0/36 HPs)
             Began as a Draconian Air Elementalist on Oct 13, 2017.
             Slain by vatarom's ghost (4 damage)
             ... on level 3 of the Dungeon.
             The game lasted 00:06:05 (2765 turns).

vatarom the Gusty (Draconian Air Elementalist)      Turns: 2765, Time: 00:06:05

Health: 0/36       AC:  7    Str:  9 (10) XL:     4   Next: 77%
Magic:  1/7        EV: 12    Int: 15 (16) God:
Gold:   158        SH:  0    Dex: 11 (12) Spells: 2/8 levels left

rFire    . . .     SeeInvis .   d - +1 dagger (speed)
rCold    . . .     Gourm    .   (no shield)
rNeg     . . .     Faith    .   (armour unavailable)
rPois    .         Spirit   .   (helmet restricted)
rElec    .         Reflect  .   l - +0 cloak
rCorr    .         Harm     .   (no gloves)
MR       .....                  m - +0 pair of boots
Stlth    ++........             (no amulet)
Regen    0.2/turn               (no ring)
MPRegen  0.1/turn               (no ring)

@: about to teleport, very slightly contaminated
A: unfitting armour, cold-blooded, AC +5
a: no special abilities


You were on level 3 of the Dungeon.
You were not hungry.

You visited 1 branch of the dungeon, and saw 3 of its levels.

You collected 158 gold pieces.

Inventory:

Hand Weapons
 d - a +1 dagger of speed (weapon)
Armour
 l - a +0 cloak (worn)
 m - a +0 pair of boots (worn)
Wands
 e - a wand of polymorph (8/24)
Scrolls
 c - a scroll of enchant weapon
 f - a scroll of remove curse
 h - a scroll of magic mapping
 i - a scroll of identify
 k - a scroll of recharging
Books
 a - a book of Air

   Spells                             Type                      Level
   a - Shock                          Conjuration/Air              1
   b - Swiftness                      Charms/Air                   2
   c - Static Discharge               Conjuration/Air              3
   d - Airstrike                      Air                          4
   e - Lightning Bolt                 Conjuration/Air              5
Comestibles
 b - a bread ration
 n - a chunk of flesh
 o - a royal jelly


   Skills:
 + Level 1.8 Fighting
 - Level 1.7 Dodging
 - Level 1.7 Stealth
 + Level 2.5 Spellcasting
 * Level 2.6 Conjurations
 * Level 4.0 Air Magic


You had 2 spell levels left.
You knew the following spells:

 Your Spells              Type           Power        Failure   Level  Hunger
a - Shock                 Conj/Air       ##..         5%          1    #......
b - Swiftness             Chrm/Air       #.......     14%         2    ###....
c - Static Discharge      Conj/Air       ##......     16%         3    ###....


Dungeon Overview and Level Annotations

Branches:
Dungeon (3/15)

Altars:

Annotations:
D:3 vatarom's ghost, amateur DrAE


Innate Abilities, Weirdness & Mutations

Your plain brown scales are hard. (AC +5)
You cannot fit into any form of body armour.
You are cold-blooded and may be slowed by cold attacks.


Message History

You hit vatarom's ghost.
Vatarom's ghost is severely damaged.
You hit vatarom's ghost but do no damage.
Vatarom's ghost is severely damaged.
Vatarom's ghost barely misses you.
You barely miss vatarom's ghost.
Vatarom's ghost is severely damaged.
Vatarom's ghost hits you.
You hit vatarom's ghost but do no damage.
Vatarom's ghost is severely damaged.
You barely miss vatarom's ghost.
Vatarom's ghost is severely damaged.
Vatarom's ghost hits you.
* * * LOW HITPOINT WARNING * * *
You aren't carrying any potions.
As you read the scroll of teleportation, it crumbles to dust.
You feel strangely unstable. Vatarom's ghost hits you.
* * * LOW HITPOINT WARNING * * *
Vatarom's ghost hits you.
You die...

#.# #####.##.#
#...W.##.# #.#
#.# #.# #.# #.#
#.# #.# #.# #W#
#(# #@# #.# #.#
#.# #[# #.#
######.######.#
..............[#
.######.########
#.# #(# #.#


You could see vatarom's ghost.

Vanquished Creatures
  Jessica (D:2)
  Terence (D:2)
  3 adders (D:2)
  3 worms
  A dart slug (D:1)
  4 leopard geckos
  3 goblins (D:1)
  4 hobgoblins
  6 bats
  4 frilled lizards
  5 kobolds
  2 rats (D:2)
37 creatures vanquished.

Notes
Turn   | Place    | Note
-------+----------+-------------------------------------------
     0 | D:1      | vatarom the Draconian Air Elementalist began the quest for the Orb.
     0 | D:1      | Reached XP level 1. HP: 14/14 MP: 3/3
   428 | D:1      | Reached XP level 2. HP: 12/22 MP: 0/5
   740 | D:1      | Learned a level 2 spell: Swiftness
  1335 | D:2      | Noticed Terence
  1336 | D:2      | Reached skill level 1 in Fighting
  1377 | D:2      | Killed Terence
  1377 | D:2      | Reached XP level 3. HP: 20/28 MP: 0/6
  1487 | D:2      | Learned a level 3 spell: Static Discharge
  1814 | D:2      | Noticed Jessica
  1816 | D:2      | Killed Jessica
  1816 | D:2      | Reached XP level 4. HP: 35/35 MP: 3/7
  2338 | D:2      | Reached skill level 4 in Air Magic
  2728 | D:3      | Noticed vatarom's ghost (amateur DrAE)
  2765 | D:3      | Slain by vatarom's ghost

Skill      XL: |  1  2  3  4 |
---------------+-------------+-----
Fighting       | 1 |  1.8
Conjurations   | 2 |  2.6
Air Magic      | 4 |  4.0
Dodging        | |  1.7
Stealth        | |  1.7
Spellcasting   | |  2.5

Action                   |  1- 3 |  4- 6 || total
-------------------------+-------+-------++-------
Melee: Short sword       |    34 |       ||    34
       Tailslap          |     1 |     2 ||     3
       Dagger            |       |    41 ||    41
 Cast: Shock             |    53 |    47 ||   100
  Use: Potion            |     4 |     1 ||     5
       Scroll            |     1 |     6 ||     7
  Eat: Royal jelly       |     1 |       ||     1
       Chunk             |     1 |       ||     1
       Bread ration      |       |     1 ||     1
Armor: Skin              |    19 |    11 ||    30
Dodge: Dodged            |    16 |    15 ||    31
